 Dungeon Crawl Stone Soup version 0.30-a0-918-g0ff054e9dc (webtiles) character file.

Game seed: 10141309057830817036

19 holysushi the Magician (level 2, 21/21 HPs)
             Began as a Demonspawn Wanderer on Mar 21, 2023.
             Quit the game on level 1 of the Dungeon.
             The game lasted 00:00:45 (200 turns).

holysushi the Magician (Demonspawn Wanderer)         Turns: 200, Time: 00:00:46

Health: 21/21      AC:  2    Str: 10    XL:     2   Next: 55%
Magic:  6/6        EV: 11    Int: 13    God:
Gold:   56         SH:  0    Dex: 14    Spells: 6/7 levels left

rFire   . . .      SeeInvis .    a - +2 sling
rCold   . . .      Faith    .    (no shield)
rNeg    . . .      Spirit   .    d - +0 robe
rPois   .          Reflect  .    (no helmet)
rElec   .          Rampage  .    (no cloak)
rCorr   .                        (no gloves)
Will    .....                    (no boots)
Stlth   +                        (no amulet)
HPRegen 0.23/turn                (no ring)
MPRegen 0.10/turn                (no ring)

@: no status effects
A: powered by pain 1
a: no special abilities


You were on level 1 of the Dungeon.
You visited 1 branch of the dungeon, and saw 1 of its levels.

You collected 56 gold pieces.

Inventory:

Hand Weapons
 a - a +2 sling (weapon)
Armour
 d - a +0 robe (worn)
Scrolls
 c - a scroll of blinking
 g - a scroll of enchant armour {unknown}
Potions
 e - 2 potions of haste {unknown}
 f - a potion of brilliance {unknown}
Miscellaneous
 b - a piece from Xom's chessboard (15/15)


   Skills:
 - Level 1.0 Fighting
 + Level 2.8 Ranged Weapons
 - Level 1.0 Armour
 - Level 1.0 Dodging
 - Level 3.0 Spellcasting
 - Level 2.0 Evocations


You had 6 spell levels left.
You knew the following spells:

 Your Spells              Type           Power      Damage    Failure   Level
a - Apportation           Tloc           2%         N/A       22%         1

Your spell library contained the following spells:

 Spells                   Type           Power      Damage    Failure   Level
 Kindle Blastsparks       Fire/Tloc/Air  2%         2d10      56%         3


Dungeon Overview and Level Annotations

Branches:
Dungeon (1/15) Zot: 5792

Altars:


Innate Abilities, Weirdness & Mutations

You sometimes gain a little power by taking damage.


Message History

Found an escape hatch in the floor.
A bat comes into view.
A bat is nearby!
A bat is nearby!
A bat is nearby!
You shoot a sling bullet. The sling bullet hits the bat.
You kill the bat!
No target in view!
No target in view!
There is an escape hatch in the floor here.
Found 15 gold pieces.
A goblin comes into view. It is wielding a +0 club.
A rat comes into view.
Found 2 fuming golden potions.
You see here 15 gold pieces.
You shoot a sling bullet. The sling bullet hits the goblin.
The goblin shouts!
The goblin is moderately wounded.
The rat twitches its whiskers.
You shoot a sling bullet. The sling bullet hits the goblin.
The goblin is severely wounded.
You shoot a sling bullet. The sling bullet hits the goblin.
You kill the goblin!
A kobold comes into view. It is wielding a +0 dagger.
You shoot a sling bullet. The kobold shouts!
The sling bullet hits the rat.
You kill the rat!
You shoot a sling bullet.
The sling bullet barely misses the kobold.
You shoot a sling bullet. The sling bullet hits the kobold.
The kobold is heavily wounded.
You shoot a sling bullet. The sling bullet hits the kobold!
You kill the kobold!
No target in view!
No target in view!
Welcome back, holysushi the Demonspawn Wanderer.
Press ? for a list of commands and other information.
Okay, then.
Are you sure you want to abandon this character and quit the game? (Confirm with "yes".)

...#####.###.### #.####.
#.## ..........†# #.# ##
.. ...........## #.# ##
!...........# #. #.
............# #.
.............# #.
............# #.
............### #.# #.
.......@......####.####.
...)....................
................§.......
#...)....#.....§§.......
###............≈≈≈≈≈≈≈..
........####..§§....≈..
###......##..§§≈.§§..≈..
.........§§§§§§§≈.§≈..
##§≈§.≈.§§..≈..


There were no monsters in sight!

Vanquished Creatures
  4 endoplasms (D:1)
  A giant cockroach (D:1)
  3 goblins (D:1)
  A hobgoblin (D:1)
  3 kobolds (D:1)
  A ball python (D:1)
  A bat (D:1)
  A frilled lizard (D:1)
  A rat (D:1)
16 creatures vanquished.

Notes
Turn   | Place    | Note
-------+----------+-------------------------------------------
     0 | D:1      | holysushi the Demonspawn Wanderer began the quest for the
                  | Orb.
     0 | D:1      | holysushi set off with the following items: a +2 sling, a
                  | piece from Xom's chessboard (15/15), a scroll of blinking,
                  | a +0 robe; and the following spell memorised: Apportation;
                  | and the following spells available to memorise: Kindle
                  | Blastsparks.
     0 | D:1      | Reached XP level 1. HP: 15/15 MP: 4/4
    93 | D:1      | Gained mutation: You sometimes gain a little power by
                  | taking damage. [demonic ancestry]
    93 | D:1      | Reached XP level 2. HP: 21/21 MP: 6/6
   200 | D:1      | Quit the game

Illustrated notes

Levels and vault maps discovered:
D:1:      ebering_hopf_link, layout_rooms

Skill      XL: |  1 |
---------------+----+-----
Ranged Weapons | 2 |  2.8
Fighting       | |  1.0
Armour         | |  1.0
Dodging        | |  1.0
Spellcasting   | |  3.0
Evocations     | |  2.0

Action                     || total
---------------------------++-------
   Fire: Sling             ||    29
  Dodge: Dodged            ||     2

Table legend: (Time is in decaauts)
 A = Elapsed time spent in this place.
 B = Non-inter-level travel time spent in this place.
 C = Inter-level travel time spent in this place.
 D = Time resting spent in this place.
 E = Time spent auto-exploring this place.
 F = Levels seen in this place.
 G = Mean time per level.
                   A        B        C        D        E       F      G
               +--------+--------+--------+--------+--------+-----+--------+
         Total |    208 |    208 |      0 |      0 |    134 |   1 |  208.0 |
       Dungeon |    208 |    208 |      0 |      0 |    134 |   1 |  208.0 |
               +--------+--------+--------+--------+--------+-----+--------+

Top non-repeatable levels by time:
     D:1: 208 daAuts
